 Dungeon Crawl Stone Soup version 0.17-a0-1570-g74b7129 (webtiles) character file.

936 Jb9000 the Sneak (level 8, -1/45 HPs)
             Began as a Gargoyle Ice Elementalist on July 16, 2015.
             Was a Follower of Sif Muna.
             Slain by an orc warrior
             ... wielding a +0 glaive
              (18 damage)
             ... on level 6 of the Dungeon on July 23, 2015.
             The game lasted 00:40:34 (5616 turns).

Jb9000 the Sneak (Gargoyle Ice Elementalist)        Turns: 5616, Time: 00:40:34

Health: -1/45      AC: 16    Str: 13    XL:     8   Next: 12%
Magic:  4/13       EV: 12    Int: 17    God:    Sif Muna [*.....]
Gold:   292        SH:  0    Dex: 10    Spells: 4 memorised, 4 levels left

rFire  . . .     SeeInvis .     q - +2 dagger (vamp)
rCold  . . .     Clarity  .     C - +4 leather armour of Bemupevo {MR+}
rNeg   + . .     SustAt   .     (no shield)
rPois  ∞         Gourm    .     (no helmet)
rElec  +         Spirit   .     (no cloak)
rCorr  .         Warding  .     o - +1 pair of gloves
rMut   .         Rnd*Tele +     (no boots)
MR     +....                    d - amulet of regeneration
Stlth  ++........               w - ring of teleportation (curse)
                                J - +2 ring of protection

@: very slightly contaminated, somewhat resistant to hostile enchantments,
unstealthy
A: negative energy resistance 1, electricity resistance, unbreathing,
petrification resistance, rot immunity, AC +5
a: Channel Energy, Renounce Religion, Evoke Teleportation


You were on level 6 of the Dungeon.
You worshipped Sif Muna.
Sif Muna was aware of your devotion.
You were not hungry.

You visited 1 branch of the dungeon, and saw 6 of its levels.
You also visited: Sewer.

You collected 292 gold pieces.

Inventory:

Hand weapons
 f - a +0 dagger
 n - a +2 whip of venom
 q - a +2 vampiric dagger (weapon)
 r - a +0 scythe
 y - a +0 blowgun
 D - a +0 flail of draining
 I - a +0 hand crossbow
Missiles
 g - 69 bolts
 i - 6 tomahawks (quivered)
 j - 64 arrows
 l - 9 sling bullets of frost
 p - 16 sling bullets
 t - 43 poisoned needles
 B - 5 silver tomahawks
 E - 6 javelins
Armour
 o - a +1 pair of gloves (worn)
 C - the +4 leather armour of Bemupevo (worn) {MR+}
   (You found it on level 6 of the Dungeon)

   It affects your resistance to hostile enchantments.
 H - a +2 leather armour of cold resistance
Jewellery
 d - an amulet of regeneration (around neck)
 e - an uncursed ring of positive energy
 v - an uncursed amulet of resist mutation
 w - a cursed ring of teleportation (right hand)
 J - a +2 ring of protection (left hand)
Magical devices
 h - a wand of fireball (11)
 u - a wand of confusion (19)
Scrolls
 k - 4 scrolls of identify
 s - a scroll of immolation
 F - a scroll of recharging
 G - 2 scrolls of teleportation
 K - 2 scrolls of enchant armour
 L - a scroll of amnesia
 M - a scroll of magic mapping
Potions
 m - 2 potions of curing {unknown}
 z - 4 potions of flight {unknown}
 A - 3 potions of heal wounds {unknown}
Books
 b - a book of Frost

   Spells                             Type                      Level
   a - Freeze                         Ice                          1
   b - Throw Frost                    Conjuration/Ice              2
   c - Ozocubu's Armour               Charms/Ice                   3
   d - Throw Icicle                   Conjuration/Ice              4
   e - Summon Ice Beast               Ice/Summoning                4
   f - Condensation Shield            Ice                          4
Comestibles
 a - a meat ration
 c - 7 bread rations
 x - 3 chunks of flesh


   Skills:
 + Level 2.3 Fighting
 + Level 2.2 Short Blades
 + Level 1.5 Throwing
 + Level 2.2 Armour
 + Level 2.6 Dodging
 * Level 4.6 Stealth
 + Level 3.6 Spellcasting
 * Level 3.2 Conjurations
 * Level 2.0 Charms
 * Level 4.4 Ice Magic


You had 4 spell levels left.
You knew the following spells:

 Your Spells              Type           Power        Failure   Level  Hunger
a - Freeze                Ice            ###.         4%          1    None
b - Throw Frost           Conj/Ice       ###...       10%         2    ##.....
c - Ozocubu's Armour      Chrm/Ice       ##......     17%         3    ###....
d - Condensation Shield   Ice            ###.......   38%         4    ####...


Dungeon Overview and Level Annotations

Branches:
Dungeon (6/15)
 Temple: D:4-7

Altars:
Ashenzari
Cheibriados
Dithmenos
Elyvilon
Okawaru
Sif Muna
Xom

Shops:
D:4 (


Innate Abilities, Weirdness & Mutations

You are resistant to torment.
Your stone body is resilient (AC +5).
You are immune to poison.
You resist negative energy.
You are resistant to electric shocks.
You can survive without breathing.
You are immune to petrification.
You are immune to rotting.


Message History

You freeze the orc warrior.
The orc warrior is heavily wounded.
The orc warrior hits you with a glaive.
Casting: Freeze
Confirm with . or Enter, or press ? or * to list all spells.
Aiming: Freeze
Press: ? - help, Shift-Dir - straight line, f/p - orc warrior
Aim: an orc warrior, wielding a glaive and wearing a chain mail (heavily wounded)
You freeze the orc warrior.
The orc warrior is severely wounded.
The orc priest hits the orc warrior but does no damage.
Casting: Freeze
Confirm with . or Enter, or press ? or * to list all spells.
Aiming: Freeze
Press: ? - help, Shift-Dir - straight line, f/p - orc warrior
Aim: an orc warrior, wielding a glaive and wearing a chain mail (severely wounded)
You freeze the orc warrior.
The orc warrior is almost dead.
The orc warrior hits you with a glaive!!
You die...

#.####### #.(...@o#
...######o###### #
#####o#....#
#o##...#o#....#
o..'...'......##### ###
...##o..#.##.......####..
.......$.................
..#######.###.#.##.##...#
...# #.#.##.##...#


You could see an orc warrior, an orc priest (confused) and 2 orcs.

Vanquished Creatures
  Sigmund (D:3)
  Eustachio (D:4)
  A sky beast (D:5)
  An ogre (D:4)
  A big kobold (Sewer)
  A scorpion (D:5)
  A crimson imp (D:3)
  An orc priest (D:4)
  Jessica (D:2)
  A hound (D:4)
  An iguana (D:4)
  A worker ant (D:4)
  3 adders
  A river rat (Sewer)
  An ooze (D:4)
  4 worms
  6 giant geckos
  16 orcs
  A ball python (D:3)
  3 bats
  A bat zombie (D:5)
  10 hobgoblins
  4 jackals
  5 giant cockroaches
  4 giant newts
  11 goblins
  12 kobolds
  A quokka (D:6)
  A quokka skeleton (D:5)
  11 rats
107 creatures vanquished.

Vanquished Creatures (others)
  An ogre (D:5)
  A hound (D:5)
  A worker ant (D:6)
  A bat (D:5)
  A jackal (D:5)
5 creatures vanquished.

Grand Total: 112 creatures vanquished

Notes
Turn   | Place    | Note
--------------------------------------------------------------
     0 | D:1      | Jb9000 the Gargoyle Ice Elementalist began the quest for the Orb.
     0 | D:1      | Reached XP level 1. HP: 10/10 MP: 3/3
   424 | D:1      | Reached XP level 2. HP: 16/16 MP: 0/5
   431 | D:1      | Learned a level 2 spell: Throw Frost
   894 | D:2      | Noticed Jessica
  1075 | D:2      | Killed Jessica
  1075 | D:2      | Reached skill level 1 in Short Blades
  1075 | D:2      | Reached XP level 3. HP: 6/20 MP: 0/6
  1079 | D:2      | Reached skill level 1 in Fighting
  1342 | D:2      | Found a snail-covered altar of Cheibriados.
  1538 | D:2      | Found a shattered altar of Ashenzari.
  1592 | D:2      | Reached XP level 4. HP: 25/25 MP: 0/7
  2014 | D:3      | Noticed Sigmund
  2036 | D:3      | Killed Sigmund
  2036 | D:3      | Reached skill level 1 in Throwing
  2036 | D:3      | Reached skill level 1 in Armour
  2036 | D:3      | Reached XP level 5. HP: 13/30 MP: 1/9
  2036 | D:3      | Reached XP level 6. HP: 15/35 MP: 1/10
  2095 | D:3      | Learned a level 3 spell: Ozocubu's Armour
  2211 | D:3      | Found a white marble altar of Elyvilon.
  2749 | D:3      | Found a deep blue altar of Sif Muna.
  2757 | D:3      | Became a worshipper of Sif Muna the Loreminder
  2933 | D:4      | Found a glowing drain.
  2937 | Sewer    | Entered a sewer
  3044 | Sewer    | Upgraded the game from 0.17-a0-1533-g2f57bce to 0.17-a0-1570-g74b7129
  3169 | Sewer    | Found a glowing silver altar of Zin.
  3541 | D:4      | Reached XP level 7. HP: 33/40 MP: 6/11
  3590 | D:4      | Reached skill level 1 in Charms
  3590 | D:4      | Reached skill level 4 in Ice Magic
  3648 | D:4      | Found Obiurro's Weapon Shoppe.
  4076 | D:4      | Noticed Eustachio
  4133 | D:4      | Killed Eustachio
  4292 | D:5      | Entered Level 5 of the Dungeon
  4455 | D:5      | Found an iron altar of Okawaru.
  4486 | D:5      | Found a shimmering altar of Xom.
  4630 | D:5      | Acquired Sif Muna's first power
  4630 | D:5      | Reached XP level 8. HP: 45/45 MP: 0/13
  5091 | D:5      | Found a shadowy altar of Dithmenos.
  5303 | D:6      | Learned a level 4 spell: Condensation Shield
  5347 | D:6      | Got a brightly glowing leather armour
  5359 | D:6      | Identified the +4 leather armour of Bemupevo {MR+} (You found it on level 6 of the Dungeon)
  5616 | D:6      | Slain by an orc warrior

Vault maps used:
D:1:      dpeg_arrival_three_same_balls
D:2:      lemuel_doored_altar, nicolae_overflow_crystal_walls, uniq_jessica
D:3:      elyvilon_altar_5, lemuel_blue_sif_altar, wad_orctagon, uniq_sigmund
D:4:      serial_shops, shop_statue, lightli_sewer_entry_pipes, uniq_eustachio
D:5:      nicolae_overflow_hidden_temple, okawaru_trees_1, xom_confusion_cloud,
          first_bread
D:6:      minmay_ogre_servants
Sewer:    sewer_kobolds

Action                   |  1- 3 |  4- 6 |  7- 9 || total
-------------------------+-------+-------+-------++-------
Melee: Dagger            |    30 |   112 |   183 ||   325
Throw: Tomahawk          |    15 |     4 |     1 ||    20
 Cast: Freeze            |    27 |    63 |    42 ||   132
       Throw Frost       |    10 |     8 |     5 ||    23
       Ozocubu's Armour  |       |     2 |     4 ||     6
Evoke: Wand              |       |       |     1 ||     1
  Use: Scroll            |     5 |     6 |     4 ||    15
 Stab: Sleeping          |     1 |     1 |     3 ||     5
       Distracted        |       |       |     1 ||     1
  Eat: Chunk             |     1 |     8 |     6 ||    15
       Meat ration       |     1 |       |     1 ||     2
       Beef jerky        |     1 |       |       ||     1
